 Dungeon Crawl Stone Soup version 0.27-a0-887-gcab673c142 (webtiles) character file.

Game seed: 1190725615191049129

51 Lanoc the Ducker (level 3, 0/30 HPs)
             Began as a Djinni Warper on Apr 5, 2021.
             Slain by a goblin
             ... wielding a +0 dagger
              (1 damage)
             ... on level 1 of the Dungeon.
             The game lasted 00:02:07 (1837 turns).

Lanoc the Ducker (Djinni Warper)                    Turns: 1837, Time: 00:02:07

Health: 0/30       AC:  3    Str: 10    XL:     3   Next: 81%
Gold:   33         EV: 12    Int: 15    God:
                   SH:  0    Dex: 12

rFire    + + .     SeeInvis .   g - +3 dagger
rCold    x . .     Faith    .   (no shield)
rNeg     . . .     Spirit   .   b - +0 leather armour
rPois    ∞         Reflect  .   (no helmet)
rElec    .         Harm     .   (no cloak)
rCorr    .         Rampage  .   (no gloves)
Will     .....                  (boots unavailable)
Stlth    +.........             (no amulet)
HPRegen  0.10/turn              (no ring)
MPRegen  0.00/turn              (no ring)

@: flying
A: fire resistance 2, cold vulnerability 1, float, innate caster, hp casting,
extra vitality 1
a: no special abilities


You were on level 1 of the Dungeon.
You visited 1 branch of the dungeon, and saw 2 of its levels.

You collected 33 gold pieces.

Inventory:

Hand Weapons
 a - a +0 falchion
 g - a +3 dagger (weapon)
Missiles
 e - 3 boomerangs of dispersal (quivered)
Armour
 b - a +0 leather armour (worn)
Scrolls
 d - a scroll of blinking
 h - 2 scrolls of amnesia {unknown}
 i - a scroll of enchant armour {unknown}
 k - a scroll of holy word {unknown}
 l - a scroll of teleportation {unknown}
Potions
 c - a potion of brilliance {unknown}
 f - 2 potions of attraction {unknown}
 j - 2 potions of degeneration {unknown}


   Skills:
 + Level 3.1 Fighting
 - Level 1.7 Long Blades
 - Level 0.7 Throwing
 - Level 1.0 Armour
 + Level 3.5 Dodging
 - Level 2.6 Spellcasting


You couldn't memorise any spells.
You knew the following spells:

 Your Spells              Type           Power      Damage    Failure   Level
a - Pain                  Necr           40%        1d6       10%         1
b - Blink                 Tloc           N/A        N/A       14%         2
c - Gell's Gravitas       Tloc           5%         N/A       28%         3
d - Teleport Other        Tloc           10%        N/A       28%         3
e - Manifold Assault      Tloc           10%        N/A       95%         5
f - Lesser Beckoning      Tloc           5%         N/A       28%         3
Your spell library was empty.

Dungeon Overview and Level Annotations

Branches:
Dungeon (2/15)

Altars:

Shops:
D:2 *


Innate Abilities, Weirdness & Mutations

You are immune to poison.
Your flesh is very heat resistant. (rF++)
You are vulnerable to cold. (rC-)
You float through the air rather than walking.
You learn spells naturally, not from books.
Your magical power is your life essence.
You have superior vitality. (+4 HP)


Message History

Aiming: Pain (safe; 10% risk of failure)
Press: ? - help, Shift-Dir - straight line, f/p - ball python
Aim: a ball python (moderately wounded, chance to affect: 78%)
The ball python barely resists.
* * * LOW HITPOINT WARNING * * *
The ball python bites you.
* * * LOW HITPOINT WARNING * * *
The ball python barely misses you.
Casting: Pain (safe; 10% risk of failure)
Confirm with . or Enter, or press ? or * to list all spells.
Aiming: Pain (safe; 10% risk of failure)
Press: ? - help, Shift-Dir - straight line, f/p - ball python
Aim: a ball python (chance to affect: 78%)
The ball python barely resists.
* * * LOW HITPOINT WARNING * * *
The ball python closely misses you. The ball python grabs you.
The ball python constricts you.
Casting: Pain (safe; 10% risk of failure)
Confirm with . or Enter, or press ? or * to list all spells.
Aiming: Pain (safe; 10% risk of failure)
Press: ? - help, Shift-Dir - straight line, f/p - ball python
Aim: a ball python (constricting you, chance to affect: 78%)
The ball python writhes in agony.
* * * LOW HITPOINT WARNING * * *
The ball python bites you.
* * * LOW HITPOINT WARNING * * *
The ball python constricts you.
Throw: 5 boomerangs (disperse)
Press: ? - help, Q - select action, (/) - cycle Shift-Dir - straight line, f/p - ball python
Aim: a ball python (severely wounded, constricting you, 53% to hit)
You throw a boomerang of dispersal.
The boomerang of dispersal hits the ball python.
The ball python blinks!
You feel a bit more experienced.
Throw: 4 boomerangs (disperse)
Press: ? - help, Q - select action, (/) - cycle Shift-Dir - straight line, f - goblin
Aim: a goblin, wielding a +0 dagger (translocational energy, 50% to hit)
You throw a boomerang of dispersal.
The boomerang of dispersal hits the goblin but does no damage.
The goblin hits you with a +0 dagger.
You die...

##.####..#.....#.##.# #.#
##...##.......#).....# #.#
##.(...####....#......# ######.#
'.......'##....#......####......#
##.....##.#....#..÷......#.######
.##...##.##....#..>÷....##.#
#'##.##'###.#.##........##.#
#.##.##.###.#.##g##.....##.#
...#'#...##.#.##@##.....##.#
.<.'.'....#.#.##.##.....##.#
...###...##......##.....##.# #.##
##.#####.#####.....##.#
#############.############.#
#..................# #.#
###.#########.######.# #.#
.#..........#.# #.#####.#
.#............# #.......#


You could see a goblin.

Vanquished Creatures
  2 adders (D:1)
  A dart slug (D:1)
  4 ball pythons (D:1)
  An endoplasm (D:1)
  A giant cockroach (D:1)
  6 goblins
  A hobgoblin (D:1)
  4 jackals
  2 quokkas (D:1)
  2 bats (D:1)
  2 frilled lizards (D:1)
  3 kobolds (D:1)
29 creatures vanquished.

Notes
Turn   | Place    | Note
-------+----------+-------------------------------------------
     0 | D:1      | Lanoc the Djinni Warper began the quest for the Orb.
     0 | D:1      | Reached XP level 1. HP: 18/18 MP: 0/0
   121 | D:1      | Reached XP level 2. HP: 16/24 MP: 0/0
  1196 | D:2      | Found Jumeoh's Assorted Antiques.
  1198 | D:2      | Reached XP level 3. HP: 29/29 MP: 0/0
  1198 | D:2      | Learned a level 1 spell: Pain
  1835 | D:1      | HP: 1/30 [ball python (3)]
  1837 | D:1      | Slain by a goblin

Illustrated notes

Levels and vault maps discovered:
D:1:      dpeg_arrival_rhombi, layout_basic
D:2:      layout_rooms, serial_shops, shop, nicolae_shop_behind_doors, shop,
          shop, nicolae_shop_trees, chequers_ecumenical_altar_grove

Skill      XL: |  1  2  3 |
---------------+----------+-----
Dodging        | 3 |  3.5
Fighting       | 3 |  3.1
Long Blades    | |  1.7
Throwing       | |  0.7
Armour         | |  1.0
Spellcasting   | |  2.6

Action                   || total
-------------------------++-------
Melee: Falchion          ||    25
       Dagger            ||    43
Throw: Boomerang         ||     2
 Cast: Pain              ||    23
 Stab: Sleeping          ||     1
Armor: Leather armour    ||    34
Dodge: Dodged            ||    82
       Rpst.: Falchion   ||     7

Table legend: (Time is in decaauts)
 A = Elapsed time spent in this place.
 B = Non-inter-level travel time spent in this place.
 C = Inter-level travel time spent in this place.
 D = Time resting spent in this place.
 E = Time spent auto-exploring this place.
 F = Levels seen in this place.
 G = Mean time per level.
                   A        B        C        D        E       F      G
               +--------+--------+--------+--------+--------+-----+--------+
         Total |   1841 |   1820 |     21 |    291 |   1327 |   2 |  920.5 |
       Dungeon |   1841 |   1820 |     21 |    291 |   1327 |   2 |  920.5 |
               +--------+--------+--------+--------+--------+-----+--------+

Top non-repeatable levels by time:
     D:1: 1551 daAuts
     D:2: 290 daAuts
